 Dungeon Crawl Stone Soup version 0.20-a0-1116-gaa52201 (webtiles) character file.

430610 kuniqs the Eclecticist (level 23, -16/152 HPs)
             Began as a Gnoll Earth Elementalist on May 7, 2017.
             Was the Champion of Hepliaklqana.
             Demolished by a large slime creature (36 damage)
             ... on level 4 of the Pits of Slime on May 8, 2017.
             The game lasted 03:56:41 (58799 turns).

kuniqs the Eclecticist (Gnoll Earth Elementalist)  Turns: 58799, Time: 03:56:42

Health: -16/152    AC: 13    Str:  6    XL:     23   Next: 90%
Magic:  53/61      EV: 22    Int: 31    God:    Hepliaklqana [******]
Gold:   1054       SH: 11    Dex: 23    Spells: 16/52 levels left

rFire    + . .     SeeInvis .   R - staff of power
rCold    + + +     Gourm    .   G - +3 buckler
rNeg     + . .     Faith    .   t - +2 robe of Marbles {rElec Int+4}
rPois    +         Spirit   .   x - +1 helmet "Lahithro" {*Contam Regen+ rCorr Dex+8}
rElec    +         Reflect  .   X - scarf {rC+ rF+}
rCorr    +         Harm     .   o - +2 pair of gloves {archery}
MR       +....                  q - +2 pair of boots {run}
Stlth    +++++.....             V - amulet of magic regeneration
Regen    0.8/turn               m - +3 ring of intelligence
MPRegen  0.6/turn               J - ring "Wumugh" {*Slow rPois rC++ rN+ Stlth+}

@: quick
A: short attention span, reduced essence, fangs 1, high mp 1, weak 1, MP-powered
wands, strong nose
}: 2/15 runes: serpentine, barnacled
a: Recall Ancestor, Ancestor Identity, Transference, Idealise, Renounce Religion


You were on level 4 of the Pits of Slime.
You worshipped Hepliaklqana.
Hepliaklqana was exalted by your worship.
You were completely stuffed.

You visited 9 branches of the dungeon, and saw 44 of its levels.
You visited 1 bazaar.
You also visited: Ice Cave.

You collected 5140 gold pieces.
You spent 4086 gold pieces at shops.

Inventory:

Missiles
 b - 861 stones (quivered)
Armour
 o - a +2 pair of gloves of archery (worn)
 q - a +2 pair of boots of running (worn)
 t - the +2 robe of Marbles (worn) {rElec Int+4}
   (You bought it in a shop on level 4 of the Dungeon)

   It affects your intelligence (+4).
   It insulates you from electricity.
 x - the +1 helmet "Lahithro" (worn) {*Contam Regen+ rCorr Dex+8}
   (You bought it in a shop on level 4 of the Dungeon)

   It affects your dexterity (+8).
   It causes magical contamination when unequipped.
   It increases your rate of regeneration.
   It protects you from acid and corrosion.
 G - a +3 buckler (worn)
 W - a +2 robe of magic resistance
 X - a scarf of resistance (worn)
Magical Staves
 v - an uncursed staff of fire
 R - an uncursed staff of power (weapon)
Jewellery
 m - a +3 ring of intelligence (left hand)
 H - the ring "Weenn" {Dex+2 SInv}
   (You took it off a deep elf death mage on level 3 of the Elven Halls)

   [ring of see invisible]

   It affects your dexterity (+2).
   It lets you see invisible.
 J - the ring "Wumugh" (right hand) {*Slow rPois rC++ rN+ Stlth+}
   (You found it on level 14 of the Dungeon)

   [ring of poison resistance]

   It greatly protects you from cold.
   It protects you from poison.
   It protects you from negative energy.
   It may slow you when you take damage.
   It makes you more stealthy.
 V - an amulet of magic regeneration (around neck)
 Z - the amulet of Vitality {Regen+ HP+15}
   (You bought it in a shop on level 4 of the Shoals)

   [amulet of regeneration]

   It affects your health (+15).
   It increases your rate of regeneration.
Wands
 a - a wand of paralysis (12/24)
 c - a wand of iceblast (9/15)
Scrolls
 g - a scroll of silence
 h - 7 scrolls of enchant armour
 k - 12 scrolls of teleportation
 s - 2 scrolls of blinking
 u - 21 scrolls of remove curse {@r2}
 y - 11 scrolls of fog
 B - 2 scrolls of immolation
 C - 8 scrolls of enchant weapon
 F - 6 scrolls of recharging
 I - 7 scrolls of magic mapping
 L - 8 scrolls of fear
 O - 6 scrolls of identify {@r1}
 Q - 2 scrolls of summoning
 Y - 3 scrolls of amnesia
Potions
 i - a potion of magic
 l - 4 potions of flight
 n - 5 potions of might
 p - 4 potions of ambrosia
 r - 4 potions of mutation
 w - a potion of cancellation
 z - 13 potions of heal wounds
 A - 4 potions of resistance
 K - 11 potions of curing {@q1}
 M - 5 potions of brilliance
 P - 3 potions of berserk rage
 S - a potion of haste
 U - 2 potions of invisibility
Miscellaneous
 j - a lightning rod (4/4)
 T - 2 sacks of spiders
Comestibles
 d - 15 bread rations
 e - 17 meat rations
 f - 25 fruits
 D - 5 royal jellies


   Skills:
 + Level 11.4 Fighting
   Level 8.0 Short Blades
 - Level 6.3 Armour
 + Level 11.1 Dodging
 - Level 8.1 Stealth
 - Level 10.0 Shields
 - Level 15.0 Spellcasting
 - Level 11.7 Conjurations
 - Level 10.0 Hexes
 - Level 8.0 Charms
 - Level 10.0 Necromancy
 - Level 1.7 Transmutations
 - Level 9.0 Fire Magic
 - Level 11.8 Earth Magic
 + Level 9.4 Invocations
 - Level 8.0 Evocations


You had 16 spell levels left.
You knew the following spells:

 Your Spells              Type           Power        Failure   Level  Hunger
a - Sandblast             Erth           ######       0%          1    None
b - Stone Arrow           Conj/Erth      ######       1%          3    None
c - Lee's Rapid Deconstr  Erth           #######...   1%          5    None
d - Regeneration          Chrm/Necr      ######....   1%          3    None
e - Animate Skeleton      Necr           N/A          1%          1    None
f - Fulminant Prism       Conj/Hex       ######....   1%          4    None
g - Iskenderun's Battles  Conj/Chrm      ######..     1%          5    None
h - Bolt of Magma         Conj/Fire/Erth ######....   1%          5    None
i - Iron Shot             Conj/Erth      #######...   2%          6    ###....
j - Magic Dart            Conj           ####         0%          1    None
k - Passwall              Tmut/Erth      ######....   1%          2    None


Dungeon Overview and Level Annotations

Branches:
Dungeon (15/15)            Temple (1/1) D:4            Lair (6/6) D:11
 Shoals (4/4) Lair:2        Snake (4/4) Lair:4        Slime (5/5) Lair:6
    Orc (2/2) D:12            Elf (3/3) Orc:2        Vaults (4/5) D:13
  Crypt (0/3) Vaults:2
 Depths: D:15

Altars:
Ashenzari
Cheibriados
Dithmenos
Elyvilon
Fedhas
Gozag
Hepliaklqana
Kikubaaqudgha
Makhleb
Nemelex Xobeh
Okawaru
Qazlal
Ru
Sif Muna
Trog
Uskayaw
Vehumet
Wu Jian
Xom
Yredelemnul
Zin
The Shining One
Jiyva

Shops:
D:4 [   D:6 (   D:13 *   Orc:2 ([[[(   Elf:1 [   Elf:3 [?[%   Shoals:4 =
Snake:3 *[   Snake:4 *

Annotations:
D:15 Rupert
Slime:5 Royal Jelly
Elf:2 3 runed doors


Innate Abilities, Weirdness & Mutations

You have a short attention span.
You have very sharp teeth.
Your uncanny sense of smell can sniff out nearby items.
Your life essence is reduced. (-10% HP)
You have an increased reservoir of magic. (+10% MP)
You are weak. (Str -2)
You expend magic power (3 MP) to strengthen your wands.


Message History

The slime creature hits you!
* * * LOW HITPOINT WARNING * * *
Two slime creatures merge to form a large slime creature.
Thoko gestures at the azure jelly while chanting.
The bolt of magma hits the azure jelly.
The azure jelly is burned terribly!
The azure jelly hits Thoko.
The azure jelly freezes Thoko!
Thoko resists.
The azure jelly hits Thoko but does no damage.
The azure jelly hits Thoko.
The azure jelly misses Thoko.
Thoko barely misses the azure jelly.
The azure jelly hits Thoko.
The azure jelly freezes Thoko!!
Thoko resists.
Thoko is destroyed!
Aim: a large slime creature The bolt of magma hits the azure jelly.
The azure jelly is burned terribly!
You kill the azure jelly!
Aim: a large slime creature The bolt of magma hits the large slime creature.
The large slime creature hits you!!!
You die...

##.##.....#..............
#..................#.....
#...#..........#.>.....#.
#.#.............>.......
#.........#..#......##.
#......................
####.....................
##.##....#......J.........
#......#.#.#...@..........
#........#................
#.<..........#............
#.........................
##.......#..###..#........
#...>...................#.
##...........#...........
##...............#......
#..............#.# #..


You could see a large slime creature.

Vanquished Creatures
  Nikola (Snake:2)
  3 acid blobs
  A deep elf blademaster (Elf:3)
  2 deep elf master archers (Elf:3)
  Frances (Snake:1)
  Gastronok (Lair:3)
  A tengu reaver (Vaults:4)
  The ghost of kuniqs the Summoner, an adept GnSu of Hepliaklqana (Elf:1)
  Kirke (Snake:1)
  7 azure jellies
  7 nagarajas
  7 deep elf sorcerers
  4 vault wardens
  A fire giant (Vaults:1)
  2 orc warlords
  3 deep elf elementalists
  2 frost giants
  8 ironheart preservers
  3 stone giants
  3 deep elf annihilators (Elf:3)
  6 deep elf demonologists
  A white draconian (IceCv)
  2 ettins
  2 merfolk javelineers (Shoals:4)
  3 deep elf death magi
  A crystal guardian (Vaults:4)
  3 merfolk impalers (Shoals:4)
  3 fire dragons
  2 deep elf high priests
  A great orb of eyes (Vaults:4)
  5 yaktaur captains
  3 vault guards
  6 hydras
  14 naga warriors
  A rakshasa (Vaults:3)
  3 ice dragons
  2 catoblepae
  5 centaur warriors
  10 anacondas
  2 merfolk aquamancers (Shoals:4)
  2 alligator snapping turtles
  8 dancing weapons
  2 deep troll earth magi (Vaults:4)
  28 two-headed ogres
  9 ogre magi
  2 deep troll shamans (Vaults:4)
  2 satyrs
  11 naga sharpshooters
  2 shock serpents
  5 orc high priests
  16 deep elf knights
  A shadow wraith (Vaults:3)
  A salamander mystic (Snake:1)
  8 deep trolls
  A flayed ghost (Vaults:4)
  A sea snake (Shoals:1)
  A wizard (Vaults:3)
  16 deep elf archers
  3 naga ritualists
  2 lindwurms (Lair:6)
  13 orc knights
  6 ironbrand convokers
  7 harpies
  A necromancer (Vaults:4)
  3 wolf spiders
  23 ugly things
  3 oklob plants
  4 mana vipers
  8 salamanders
  A shining eye (Slime:5)
  8 manticores
  An orb spider (shapeshifter) (Vaults:3)
  2 orc sorcerers
  33 deep elf magi
  A faun (Shoals:4)
  5 cyclopes
  3 merfolk sirens (Shoals:4)
  15 naga magi
  2 elephants (Lair:6)
  An eye of devastation (Slime:5)
  13 guardian serpents
  5 vault sentinels
  A water nymph (Shoals:3)
  22 black mambas
  3 torpor snails (Lair:6)
  A centaur skeleton (D:13)
  2 ice statues (IceCv)
  3 gargoyles
  4 spiny frogs
  A kobold demonologist (D:13)
  2 rime drakes
  5 komodo dragons
  2 freezing wraiths
  30 yaktaurs
  A rime drake (shapeshifter) (Vaults:1)
  3 trolls
  6 merfolk
  18 slime creatures
  3 wind drakes
  3 tyrant leeches (Lair:6)
  7 hornets
  6 polar bears
  A blink frog (shapeshifter) (Vaults:4)
  Grinder (D:3)
  10 dream sheep
  4 blink frogs (Lair:2)
  A frost giant simulacrum (Vaults:3)
  6 hippogriffs
  An air elemental (Elf:1)
  A hippogriff (shapeshifter) (Vaults:3)
  2 snapping turtles
  2 tarantellas (Vaults:2)
  A shadow (D:13)
  A hog (shapeshifter) (Vaults:2)
  3 wraiths
  A wyvern (D:12)
  30 yaks
  2 basilisks
  5 fire elementals
  A hog (Snake:1)
  A human (shapeshifter) (Vaults:2)
  2 steam dragons (Lair:6)
  2 hungry ghosts (D:12)
  2 wargs
  2 acid dragons
  13 water moccasins
  35 nagas
  30 orc warriors
  7 porcupines
  2 eyes of draining
  A hornet zombie (D:6)
  2 ice beasts
  2 ettin simulacra
  2 phantoms
  5 boggarts
  24 ogres
  9 battlemagi
  11 centaurs
  8 wolves
  9 crocodiles
  A human skeleton (Vaults:2)
  A big kobold (D:8)
  Blork the orc (D:4)
  A human zombie (Vaults:2)
  8 bullfrogs
  6 earth elementals
  A glowing shapeshifter simulacrum (Vaults:3)
  8 scorpions
  3 jellies (D:11)
  3 killer bees (D:11)
  3 wights (D:13)
  An electric eel (Snake:1)
  2 howler monkeys
  5 crimson imps
  4 centaur zombies
  3 hounds
  A lava snake (D:9)
  7 orc wizards
  17 orc priests
  A bullfrog skeleton (D:6)
  4 iguanas
  Jessica (D:2)
  Ijyb (D:3)
  8 worker ants
  A killer bee zombie (D:5)
  An ogre zombie (D:12)
  A hound zombie (D:6)
  A hound skeleton (D:8)
  2 gnolls (D:4)
  12 adders
  A shadow imp (D:9)
  9 white imps (D:13)
  5 oozes
  2 adder skeletons (D:6)
  3 worms
  2 dart slugs
  4 leopard geckos
  37 orcs
  11 bats
  7 giant cockroaches
  5 goblins
  11 hobgoblins
  10 jackals
  2 quokkas
  7 frilled lizards
  A hobgoblin skeleton (D:12)
  A hobgoblin zombie (D:12)
  A jackal skeleton (D:4)
  16 kobolds
  A leopard gecko skeleton (D:7)
  An orc skeleton (D:12)
  3 orc zombies (D:12)
  A quokka skeleton (D:4)
  6 rats
  A plant (Snake:1)
1035 creatures vanquished.

Vanquished Creatures (collateral kills)
  Mara (Elf:3)
  A deep elf blademaster (Elf:3)
  5 acid blobs
  Ilsuiw (Shoals:4)
  Donald (Vaults:2)
  8 nagarajas (Snake:4)
  3 deep elf sorcerers
  3 vault wardens
  Aizul (Vaults:2)
  2 deep elf elementalists (Elf:3)
  5 ironheart preservers
  An entropy weaver (Vaults:2)
  A deep elf demonologist (Elf:3)
  4 deep elf annihilators (Elf:3)
  4 merfolk javelineers
  5 deep elf death magi (Elf:3)
  Josephine (Shoals:1)
  A fire dragon (Vaults:2)
  The ghost of namelastname112 the Grappler, a journeyman DrMo of Wu Jian (D:11)
  2 merfolk impalers (Shoals:4)
  2 great orbs of eyes (Vaults:2)
  6 naga warriors
  A yaktaur captain (Vaults:1)
  3 ice dragons (Vaults:3)
  A hydra (Lair:2)
  5 vault guards
  An alligator snapping turtle (Shoals:2)
  2 merfolk aquamancers (Shoals:4)
  2 merfolk avatars
  A centaur warrior (D:14)
  2 deep troll shamans
  24 two-headed ogres
  5 dancing weapons
  7 anacondas
  6 ogre magi
  3 orc high priests
  11 deep elf knights
  3 naga sharpshooters
  2 shock serpents
  A storm dragon skeleton (Vaults:4)
  A shadow wraith (Vaults:2)
  2 salamander mystics
  4 deep trolls
  6 sea snakes
  3 skeletal warriors (Vaults:2)
  2 naga ritualists
  A swamp dragon (Lair:6)
  7 deep elf archers
  2 wizards
  4 ironbrand convokers
  11 orc knights
  19 harpies
  A necromancer (Vaults:2)
  2 tengu skeletons (Vaults:2)
  6 mana vipers
  33 deep elf magi
  6 salamanders
  4 fauns
  An elephant (Lair:6)
  10 cyclopes
  10 manticores
  An oklob plant (Lair:6)
  18 ugly things
  8 merfolk sirens
  2 fire giant skeletons (Vaults:2)
  2 water nymphs
  A frost giant skeleton (Vaults:2)
  11 guardian serpents
  An eye of devastation (Slime:4)
  17 black mambas
  A centaur zombie (D:12)
  5 vault sentinels
  11 naga magi
  6 spiny frogs
  2 torpor snails (Lair:6)
  2 kobold demonologists (D:13)
  A centaur skeleton (D:13)
  A rime drake (Lair:1)
  A komodo dragon (shapeshifter) (Elf:1)
  10 yaktaurs
  8 human skeletons (Vaults:2)
  4 komodo dragons
  6 freezing wraiths
  8 polar bears
  16 merfolk
  2 trolls (D:14)
  7 wind drakes
  12 dream sheep
  3 hornets (Lair:6)
  37 slime creatures
  7 hippogriffs
  An ettin zombie (Vaults:2)
  4 snapping turtles
  An ettin skeleton (Vaults:2)
  A human simulacrum (Vaults:2)
  4 air elementals
  A tarantella (shapeshifter) (D:14)
  7 wraiths
  9 water elementals
  2 wyverns
  2 hogs (Snake:1)
  32 yaks
  A golden eye (shapeshifter) (Vaults:3)
  6 golden eyes
  3 fire elementals (Elf:1)
  2 steam dragons
  5 basilisks
  27 nagas
  3 wargs
  A floating eye (Slime:4)
  3 acid dragons
  A swamp drake (Lair:6)
  8 water moccasins
  29 orc warriors
  A sky beast (D:12)
  4 porcupines
  An ice beast (D:10)
  A black bear (shapeshifter) (Vaults:2)
  3 eyes of draining
  A necrophage (D:14)
  15 ogres
  11 wolves
  2 boggarts (Lair:6)
  4 centaurs
  8 crocodiles
  An elf skeleton (Vaults:4)
  8 bullfrogs
  3 big kobolds
  A wyvern zombie (D:13)
  A wyvern skeleton (D:14)
  A scorpion (D:13)
  A water moccasin skeleton (D:11)
  A wight (D:13)
  A troll zombie (D:12)
  2 crimson imps
  A jelly (D:11)
  6 hounds
  9 orc wizards
  8 orc priests
  3 bullfrog skeletons
  6 worker ants
  An iguana (D:9)
  6 ogre zombies (D:12)
  A hound skeleton (D:11)
  3 adders
  3 white imps (D:13)
  2 oozes (D:11)
  An adder skeleton (D:8)
  44 orcs
  3 jackals (D:11)
  10 kobolds
  A quokka (D:8)
  3 goblin skeletons (D:12)
  2 goblin zombies (D:12)
  2 hobgoblin skeletons (D:12)
  3 hobgoblin zombies (D:12)
  2 orc skeletons
  8 orc zombies (D:12)
  2 plants (Lair:6)
839 creatures vanquished.

Vanquished Creatures (others)
  An electric eel (Elf:1)
  80 battlemagi
  An ancestor (D:8)
  292 fulminant prisms
  13 fungi
  21 plants
408 creatures vanquished.

Grand Total: 2282 creatures vanquished

Notes
Turn   | Place    | Note
-------+----------+-------------------------------------------
     0 | D:1      | kuniqs the Gnoll Earth Elementalist began the quest for the Orb.
     0 | D:1      | Reached XP level 1. HP: 13/13 MP: 5/5
    51 | D:1      | Reached skill level 5 in Earth Magic
    75 | D:1      | Reached skill level 4 in Spellcasting
   152 | D:1      | Reached XP level 2. HP: 19/19 MP: 4/7
   763 | D:1      | Reached XP level 3. HP: 22/24 MP: 9/9
   768 | D:1      | Learned a level 3 spell: Stone Arrow
  1354 | D:2      | Found a hide-covered altar of Uskayaw.
  1354 | D:2      | Found a shadowy altar of Dithmenos.
  1376 | D:2      | Noticed Jessica
  1380 | D:2      | Killed Jessica
  1380 | D:2      | Reached skill level 5 in Spellcasting
  1380 | D:2      | Reached XP level 4. HP: 30/30 MP: 6/11
  1920 | D:2      | Found a radiant altar of Vehumet.
  2180 | D:3      | Noticed Ijyb
  2194 | D:3      | Killed Ijyb
  2194 | D:3      | Reached skill level 6 in Spellcasting
  2194 | D:3      | Reached XP level 5. HP: 28/35 MP: 7/13
  2235 | D:3      | Noticed Grinder
  2240 | D:3      | Paralysed by Grinder for 2 turns
  2294 | D:3      | Noticed a water moccasin
  2350 | D:3      | Killed a water moccasin
  2350 | D:3      | Reached XP level 6. HP: 41/41 MP: 11/15
  2367 | D:3      | Learned a level 5 spell: Lee's Rapid Deconstruction
  2409 | D:3      | Killed Grinder
  2409 | D:3      | Reached skill level 7 in Spellcasting
  2698 | D:3      | Reached XP level 7. HP: 46/46 MP: 10/17
  3378 | D:4      | Found a staircase to the Ecumenical Temple.
  3387 | Temple   | Entered the Ecumenical Temple
  3553 | D:4      | Noticed Blork the orc
  3574 | D:4      | Killed Blork the orc
  3692 | D:4      | Found Qewk's Armour Boutique.
  3815 | D:5      | Entered Level 5 of the Dungeon
  3966 | D:5      | Reached skill level 1 in Shields
  3996 | D:5      | Reached skill level 5 in Conjurations
  4399 | D:6      | Reached skill level 8 in Spellcasting
  4408 | D:6      | Reached XP level 8. HP: 52/52 MP: 11/20
  4677 | D:6      | Noticed a yak
  4677 | D:6      | Noticed a yak
  4773 | D:4      | Bought the +1 helmet "Lahithro" {*Contam Regen+ rCorr Dex+8} for 366 gold pieces
  4989 | D:6      | Killed a yak
  5046 | D:6      | Noticed a yak
  5047 | D:6      | Noticed a yak
  5050 | D:6      | Noticed a yak
  5063 | D:6      | Noticed a yak
  5064 | D:6      | Killed a yak
  5069 | D:6      | Killed a yak
  5069 | D:6      | Reached skill level 5 in Dodging
  5069 | D:6      | Reached skill level 5 in Shields
  5073 | D:6      | Killed a yak
  5073 | D:6      | Reached XP level 9. HP: 57/57 MP: 3/21
  5162 | D:6      | Found Uharorouwk's Weapon Emporium.
  5344 | D:6      | Found an iron altar of Okawaru.
  5673 | D:7      | Found a hazy altar of Hepliaklqana.
  5677 | D:7      | Became a worshipper of Hepliaklqana the Forgotten
  6416 | D:8      | Reached * piety under Hepliaklqana
  6497 | D:8      | Reached skill level 9 in Spellcasting
  6795 | D:8      | Reached XP level 10. HP: 56/56 MP: 13/23
  7074 | D:9      | Learned a level 3 spell: Regeneration
  7076 | D:9      | Learned a level 1 spell: Animate Skeleton
  7113 | D:9      | Noticed a two-headed ogre
  7120 | D:9      | Killed a two-headed ogre
  7768 | D:9      | Reached ** piety under Hepliaklqana
  7769 | D:9      | Remembered your ancestor Thoko as a battlemage
  7773 | D:9      | Noticed a cyan ugly thing
  7784 | D:9      | Killed a cyan ugly thing
  8097 | D:9      | Found a bloodstained altar of Trog.
  8097 | D:9      | Found an opulent altar of Gozag.
  8522 | D:10     | Entered Level 10 of the Dungeon
  8653 | D:10     | Reached skill level 5 in Necromancy
  8681 | D:10     | Reached XP level 11. HP: 61/61 MP: 9/24
  9146 | D:10     | Reached *** piety under Hepliaklqana
  9578 | D:11     | Noticed a two-headed ogre
  9581 | D:11     | Killed a two-headed ogre
  9651 | D:11     | Noticed namelastname112's ghost (journeyman DrMo)
  9673 | D:11     | Killed namelastname112's ghost
  9816 | D:11     | Noticed a brown ugly thing
  9832 | D:11     | Killed a brown ugly thing
  9926 | D:11     | Reached skill level 10 in Earth Magic
 10003 | D:11     | Reached skill level 10 in Spellcasting
 10513 | D:11     | Found a staircase to the Lair.
 10626 | D:11     | Reached XP level 12. HP: 43/66 MP: 10/26
 10777 | D:12     | Found a staircase to the Orcish Mines.
 11144 | D:12     | Found a snail-covered altar of Cheibriados.
 11257 | D:13     | Reached skill level 1 in Charms
 11363 | D:13     | Noticed a centaur warrior
 11377 | D:13     | Killed a centaur warrior
 11423 | D:13     | Found Wuosioch's Assorted Antiques.
 11423 | D:13     | Noticed a two-headed ogre
 11425 | D:13     | Killed a two-headed ogre
 11428 | D:13     | Reached **** piety under Hepliaklqana
 11448 | D:13     | Noticed a two-headed ogre
 11454 | D:13     | Killed a two-headed ogre
 11506 | D:13     | Found a frozen archway.
 11602 | IceCv    | Entered an ice cave
 11665 | IceCv    | Reached skill level 10 in Conjurations
 11737 | IceCv    | Reached skill level 5 in Charms
 12235 | IceCv    | Reached skill level 10 in Dodging
 12275 | IceCv    | Gained mutation: You are weak. (Str -2) [potion of mutation]
 12275 | IceCv    | Gained mutation: You have an increased reservoir of magic. (+10% MP) [potion of mutation]
 12342 | IceCv    | Reached XP level 13. HP: 71/71 MP: 6/30
 12514 | IceCv    | Noticed a white draconian
 12524 | IceCv    | Killed a white draconian
 12890 | D:13     | Found a gate to the Vaults.
 12890 | D:13     | Noticed a vault guard
 12890 | D:13     | Noticed a vault guard
 12890 | D:13     | Noticed a vault guard
 12914 | D:13     | HP: 3/71 [barbs]
 12923 | D:13     | Noticed a vault guard
 13231 | D:4      | Bought the +2 robe of Marbles {rElec Int+4} for 364 gold pieces
 13578 | D:13     | Killed a vault guard
 13706 | D:13     | Killed a vault guard
 13727 | D:13     | Killed a vault guard
 13775 | D:13     | Killed a vault guard
 14754 | D:14     | Reached skill level 11 in Spellcasting
 14864 | D:14     | Reached skill level 1 in Fighting
 14997 | D:14     | Got a fine ivory ring
 14998 | D:14     | Identified the ring "Wumugh" {*Slow rPois rC++ rN+ Stlth+} (You found it on level 14 of the Dungeon)
 15289 | D:14     | Reached skill level 10 in Necromancy
 15541 | D:15     | Entered Level 15 of the Dungeon
 15548 | D:15     | Reached skill level 5 in Fighting
 15548 | D:15     | Reached XP level 14. HP: 88/88 MP: 10/32
 16745 | D:15     | Reached ***** piety under Hepliaklqana
 16970 | D:15     | Noticed Rupert
 17060 | D:13     | Bought 3 scrolls of teleportation for 315 gold pieces
 17142 | Lair:1   | Entered Level 1 of the Lair of Beasts
 18330 | Lair:2   | Found an iron altar of Okawaru.
 18635 | Lair:2   | Identified the +1 scythe "Isoasig" {holy, *Rage rC+ Int+2} (You found it on level 2 of the Lair of Beasts)
 18789 | Lair:2   | Found a staircase to the Shoals.
 19457 | Lair:3   | Reached XP level 15. HP: 91/102 MP: 17/33
 19624 | Lair:3   | Reached skill level 1 in Evocations
 19898 | Lair:3   | Reached skill level 1 in Invocations
 20024 | Lair:3   | Noticed Gastronok
 20048 | Lair:3   | Killed Gastronok
 20494 | Lair:4   | Found a staircase to the Snake Pit.
 20504 | Lair:4   | Reached ****** piety under Hepliaklqana
 20719 | Lair:4   | Reached skill level 5 in Stealth
 22090 | Lair:6   | Entered Level 6 of the Lair of Beasts
 22362 | Lair:6   | Reached skill level 5 in Evocations
 22378 | Lair:6   | Reached skill level 5 in Invocations
 22615 | Lair:6   | Reached skill level 10 in Fighting
 22860 | Lair:6   | Learned a level 4 spell: Fulminant Prism
 23177 | Lair:6   | Reached skill level 1 in Hexes
 23376 | Lair:6   | Found a runed door.
 23743 | Lair:6   | Reached skill level 12 in Spellcasting
 24166 | Orc:1    | Entered Level 1 of the Orcish Mines
 24909 | Orc:2    | Entered Level 2 of the Orcish Mines
 24953 | Orc:1    | Reached XP level 16. HP: 95/109 MP: 17/35
 25365 | Orc:2    | Found a staircase to the Elven Halls.
 25503 | Orc:2    | Found Plog's Weapon Shoppe.
 26973 | Orc:2    | Reached skill level 5 in Hexes
 27153 | Orc:2    | Found Mudoifful's Antique Armour Emporium.
 27153 | Orc:2    | Found Soudyn's Armour Emporium.
 27154 | Orc:2    | Found Qoemniz's Antique Weapon Emporium.
 27154 | Orc:2    | Found Reun's Armour Shoppe.
 27166 | Orc:2    | Bought a faintly humming leather armour for 147 gold pieces
 27166 | Orc:2    | Identified the +2 leather armour "Sicae" {MR+ Dex+3} (You bought it in a shop on level 2 of the Orcish Mines)
 27172 | Orc:2    | Bought a +1 pair of boots of running for 401 gold pieces
 27608 | D:4      | Bought a scarf of resistance for 352 gold pieces
 27951 | Snake:1  | Entered Level 1 of the Snake Pit
 28534 | Snake:1  | Noticed Kirke
 28649 | Snake:1  | Killed Kirke
 28760 | Snake:1  | Noticed Frances
 28777 | Snake:1  | Killed Frances
 29815 | Snake:2  | Reached XP level 17. HP: 43/115 MP: 3/36
 31248 | Snake:2  | Noticed Nikola
 31259 | Snake:2  | Killed Nikola
 31591 | Snake:3  | Found Liseuhaf's Armour Boutique.
 31596 | Snake:3  | Found Ugeg Zoh's Assorted Antiques.
 33294 | Snake:4  | Entered Level 4 of the Snake Pit
 33845 | Snake:4  | Found Efag's Assorted Antiques.
 33853 | Snake:4  | Bought a triangular filigree amulet for 180 gold pieces
 33866 | Snake:4  | Reached skill level 10 in Shields
 34252 | Snake:4  | Reached XP level 18. HP: 90/120 MP: 32/37
 34851 | Snake:3  | Reached skill level 10 in Hexes
 34983 | Snake:3  | Reached skill level 1 in Armour
 35146 | Snake:4  | Reached skill level 1 in Short Blades
 35829 | Snake:4  | Reached skill level 5 in Short Blades
 35870 | Snake:4  | Reached skill level 5 in Armour
 36980 | Snake:4  | Got a serpentine rune of Zot
 38244 | Shoals:1 | Entered Level 1 of the Shoals
 38448 | Shoals:1 | Noticed Josephine
 38862 | Shoals:1 | Killed Josephine
 39314 | Shoals:1 | Reached XP level 19. HP: 114/126 MP: 39/39
 39470 | Shoals:1 | Reached skill level 13 in Spellcasting
 40576 | Shoals:4 | Entered Level 4 of the Shoals
 40610 | Shoals:4 | Learned a level 5 spell: Iskenderun's Battlesphere
 40616 | Shoals:4 | Learned a level 5 spell: Bolt of Magma
 40623 | Shoals:4 | Learned a level 6 spell: Iron Shot
 40805 | Lair:6   | Learned a level 1 spell: Magic Dart
 40970 | Shoals:3 | Reached skill level 1 in Fire Magic
 41057 | Shoals:3 | Learned a level 2 spell: Passwall
 41740 | Shoals:4 | Noticed Ilsuiw
 41761 | Shoals:4 | Killed Ilsuiw
 41905 | Shoals:4 | Reached skill level 5 in Fire Magic
 42104 | Shoals:4 | Got a barnacled rune of Zot
 42206 | Shoals:4 | HP: 4/126 [merfolk javelineer/steel javelin (16)]
 42935 | Shoals:4 | Identified the +8 chain mail "Neuk" {rElec Int+4} (You took it off a merfolk on level 4 of the Shoals)
 43057 | Shoals:4 | Identified the Volume of the End
 43085 | Shoals:4 | Found Qakoen's Jewellery Emporium.
 43103 | Shoals:4 | Bought the amulet of Vitality {Regen+ HP+15} for 869 gold pieces
 43877 | Elf:1    | Entered Level 1 of the Elven Halls
 43976 | Elf:1    | Found a radiant altar of Vehumet.
 44040 | Elf:1    | Noticed kuniqs's ghost (adept GnSu)
 44049 | Elf:1    | Killed kuniqs's ghost
 44049 | Elf:1    | Reached XP level 20. HP: 132/132 MP: 28/41
 44655 | Elf:1    | Found Hischahue's Armour Shoppe.
 44883 | Elf:1    | Identified the +1 robe of Inaction {rPois Dex+5 Stlth+} (You found it on level 1 of the Elven Halls)
 46371 | Orc:2    | Bought a +2 robe of magic resistance for 265 gold pieces
 46814 | Elf:2    | Found a runed gate.
 46814 | Elf:2    | Found a runed gate.
 46819 | Elf:2    | Found a runed gate.
 47042 | Elf:3    | Entered Level 3 of the Elven Halls
 48118 | Elf:3    | Noticed Mara
 48122 | Elf:3    | Reached XP level 21. HP: 137/137 MP: 24/42
 48143 | Elf:3    | Noticed kuniqs's illusion
 48243 | Elf:3    | Found a deep blue altar of Sif Muna.
 48459 | Elf:3    | Killed Mara
 48572 | Elf:3    | Found Gyudahaf's Armour Boutique.
 48575 | Elf:3    | Found Reaclis's Antique Armour Shop.
 48575 | Elf:3    | Found Tose's Magic Scroll Boutique.
 48578 | Elf:3    | Found Godwex's Food Shop.
 48595 | Elf:3    | Bought a pair of crude gloves for 389 gold pieces
 48595 | Elf:3    | Identified the cursed -1 pair of gloves "Rusmyzia" {Dex+2} (You bought it in a shop on level 3 of the Elven Halls)
 48894 | Elf:3    | Identified the amulet "Alagi" {Harm *Drain rF+ Int+2} (You took it off a deep elf demonologist on level 3 of the Elven Halls)
 49157 | Elf:3    | Identified the +1 plate armour of the Land of Plenty {-Cast rF+ rCorr Str+2} (You found it on level 3 of the Elven Halls)
 49160 | Elf:3    | Identified the +6 scale mail of the Desolation of Salt {+Fly rElec Dex-4} (You found it on level 3 of the Elven Halls)
 49291 | Elf:3    | Identified the +4 great sword of Hicaoci {antimagic, rC+ Str+2 SInv} (You took it off a deep elf annihilator on level 3 of the Elven Halls)
 49324 | Elf:3    | Got a glittering lapis lazuli ring
 49326 | Elf:3    | Identified the ring "Weenn" {Dex+2 SInv} (You took it off a deep elf death mage on level 3 of the Elven Halls)
 50196 | Vaults:1 | Entered Level 1 of the Vaults
 52461 | Vaults:2 | Reached XP level 22. HP: 142/146 MP: 28/43
 52463 | Vaults:2 | Noticed Aizul
 52467 | Vaults:2 | Killed Aizul
 53008 | Vaults:2 | Noticed Donald
 53019 | Vaults:2 | Killed Donald
 53233 | Vaults:2 | Found a staircase to the Crypt.
 54214 | Vaults:3 | Reached skill level 14 in Spellcasting
 54478 | Vaults:3 | Found a flickering gateway to a bazaar.
 54488 | Bazaar   | Entered a bazaar
 54488 | Bazaar   | Found Qewec Neg's Antique Armour Emporium.
 54488 | Bazaar   | Found Males's Book Shop.
 54488 | Bazaar   | Found Naiseuhi's Book Shoppe.
 54488 | Bazaar   | Found Saniegay's Armour Shop.
 54490 | Bazaar   | Found Zocetso's Book Boutique.
 54529 | Bazaar   | Bought a +2 pair of gloves of archery for 279 gold pieces
 54549 | Bazaar   | Bought a smoking robe for 159 gold pieces
 54549 | Bazaar   | Identified the cursed +0 robe "Cocrelou" {rC+ rCorr Int+2} (You bought it in a shop in a bazaar)
 55549 | Vaults:4 | Identified the +7 mace of Neurosis {antimagic, +Blink rF+} (You found it on level 4 of the Vaults)
 55587 | Vaults:4 | Reached XP level 23. HP: 152/152 MP: 45/45
 56453 | Vaults:4 | Found a sparkling altar of Nemelex Xobeh.
 57637 | Lair:6   | Found a staircase to the Slime Pits.
 57697 | Slime:1  | Entered Level 1 of the Pits of Slime
 57980 | Slime:2  | Reached skill level 15 in Spellcasting
 58193 | Slime:5  | Entered Level 5 of the Pits of Slime
 58298 | Slime:5  | Gained mutation: You expend magic power (3 MP) to strengthen your wands. [a shining eye]
 58417 | Slime:5  | Found a viscous altar of Jiyva.
 58417 | Slime:5  | Noticed the Royal Jelly
 58799 | Slime:4  | Demolished by a large slime creature

Vault maps used:
D:1:      matt_arrival_spirals
D:2:      gammafunk_temple_overflow_forgotten, uniq_jessica
D:3:      uniq_ijyb, uniq_grinder
D:4:      minmay_temple_entry_butterflies, serial_shops, kennysheep_little_box,
          first_bread, uniq_blork_the_orc
D:6:      serial_shops, nicolae_shop_competitors_out_of_business, basic_altar
D:7:      lemuel_crystal_altar
D:9:      gammafunk_temple_overflow_wave, kennysheep_generic_room_6
D:11:     lair_entry_dummy, hangedman_little_slice_of_home, grunt_ministairs_13
D:12:     zombieorc2_lemuel, cheibriados_altar_1
D:13:     lightli_vaults_fourway_checkpoint, serial_shops,
          nicolae_shop_temple_entry_statues_fountains,
          portal_ice_cave_entry_imps
D:14:     nicolae_benzene_ring
D:15:     hangedman_depths_entry_civil_slaughter, uniq_rupert
Temple:   kb_temple_of_zot
Lair:1:   minivault_26, grunt_megastairs_5
Lair:2:   minmay_shoals_entry_beasts, lemuel_oklob_altar, grunt_megastairs_2
Lair:3:   minivault_27, uniq_gastronok
Lair:4:   guppyfry_snake_entry_island, st_stairs_13, infiniplex_staircase_pool,
          serial_bayou_shore_b
Lair:6:   guppyfry_lair_end_dragon, wormcave, minmay_slime_entry_oklob_enclosed,
          kilobyte_rumbling_trees
Shoals:1: st_cyclops, uniq_josephine
Shoals:4: shoals_end_grunt_ice, shoals_ilsuiw_alternative, serial_shops, shop,
          ldierk_geyser
Snake:1:  abandoned_shop, serial_bayou_ford_a, grunt_ministairs_11,
          nrook_guardian_serpent_ordinary, uniq_frances, uniq_kirke
Snake:2:  uniq_nikola
Snake:3:  minmay_shop_star
Snake:4:  snake_hunt, serial_shops, nicolae_shop_trees,
          nicolae_snake_double_loop, grunt_ministairs_7,
          nrook_guardian_serpent_double, lemuel_fruit_tree
Slime:4:  nicolae_slime_barrier
Orc:2:    st_orc_pillars, serial_shops, shop, elves_outpost_lemuel
Elf:1:    eino_elf_arrival_altar, serial_shops, nicolae_shop_waterfront,
          kennysheep_underground_church, hangedman_glass_teeth
Elf:3:    elf_hall, basic_altar, minmay_shoptagon, uniq_mara
Vaults:1: nicolae_vaults_network_s, v_misc_27, vaults_mumra_lcd,
          ontoclasm_vaults_idyll, st_more_cells, ontoclasm_vaults_shuriken
Vaults:2: ontoclasm_vaults_tryst, vaults_room_pools,
          nicolae_vaults_little_squares_6, v_misc_27,
          minmay_crypt_entry_skeletal_spiral,
          nicolae_vaults_stairing_the_circle, vaults_standard_mumra_x,
          vaults_room_stairs_pillars, hangedman_vaults_cutoff,
          ontoclasm_vaults_gateway, uniq_donald, uniq_aizul
Vaults:3: hangedman_vaults_snaps, nicolae_vaults_little_squares_4, v_misc_31,
          v_alt_pattern_5, hangedman_vaults_stream, vaults_mumra_hex,
          nicolae_vaults_yaktaur_gun_rack, v_misc_24, serial_shops,
          bzr_entry_road
Vaults:4: vaults_dpeg_ring, v_misc_16, nicolae_vaults_little_squares_2,
          ontoclasm_vaults_hangar, nicolae_vaults_circle_grid_b,
          vaults_room_fancy_cross, v_misc_11, special_room_vaults,
          vaults_room_pool, vaults_dpeg_doors, grunt_vaults_swirl,
          hangedman_vaults_nodes, basic_altar
Bazaar:   bazaar_minmay_generic_island
IceCv:    ice_cave_small_giant

Skill      XL: |  1  2  3  4  5  6  7  8  9 10 11 12 13 14 15 16 17 18 19 20 21 22 23 |
---------------+----------------------------------------------------------------------+-----
Earth Magic    | 5 6 7 8 9 10 11 | 11.8
Spellcasting   | 4 5 6 7 8 9 10 11 12 13 14 15 | 15.0
Conjurations   | 2 5 7 8 9 10 11 | 11.7
Shields        | 2 5 7 8 10 | 10.0
Dodging        | 5 7 8 9 10 11 | 11.1
Necromancy     | 5 7 9 10 | 10.0
Charms         | 6 8 |  8.0
Fighting       | 5 9 10 11 | 11.4
Evocations     | 6 8 |  8.0
Invocations    | 6 8 9 |  9.4
Stealth        | 7 8 |  8.1
Hexes          | 3 7 9 10 | 10.0
Armour         | 6 |  6.3
Short Blades   | 8 |  8.0
Fire Magic     | 7 9 |  9.0
Transmutations | |  1.7

Action                   |  1- 3 |  4- 6 |  7- 9 | 10-12 | 13-15 | 16-18 | 19-21 | 22-24 || total
-------------------------+-------+-------+-------+-------+-------+-------+-------+-------++-------
Melee: Dagger            |    76 |   100 |   219 |   251 |   233 |   191 |       |       ||  1070
       Bite              |     8 |     6 |    24 |    39 |    30 |    29 |     4 |     2 ||   142
       Unarmed           |     4 |       |       |       |       |       |       |       ||     4
       Hand axe          |       |       |    12 |       |       |       |       |       ||    12
       Staff             |       |       |       |       |       |     1 |    11 |    14 ||    26
 Cast: Sandblast         |    23 |     9 |    25 |   125 |    85 |    70 |    10 |       ||   347
       Stone Arrow       |     1 |    11 |    75 |   127 |   481 |   389 |    67 |       ||  1151
       Lee's Rapid Decon |       |       |       |     6 |     4 |     1 |   260 |   137 ||   408
       Regeneration      |       |       |       |     1 |     1 |     1 |    11 |       ||    14
       Fulminant Prism   |       |       |       |       |       |   268 |    19 |     7 ||   294
       Magic Dart        |       |       |       |       |       |       |   177 |     8 ||   185
       Bolt of Magma     |       |       |       |       |       |       |   128 |   108 ||   236
       Iskenderun's Batt |       |       |       |       |       |       |    50 |     4 ||    54
       Iron Shot         |       |       |       |       |       |       |    10 |    95 ||   105
Invok: Ancestor Life: Ba |       |       |       |     1 |       |       |       |       ||     1
       Recall Ancestor   |       |       |       |     3 |     1 |    44 |    30 |    20 ||    98
       Idealise          |       |       |       |       |       |       |     2 |     4 ||     6
Evoke: Wand              |       |       |       |       |       |     2 |       |     1 ||     3
       Lightning rod     |       |       |       |       |       |     1 |       |     3 ||     4
       Sack of spiders   |       |       |       |       |       |       |       |     4 ||     4
  Use: Scroll            |       |       |     1 |    13 |    17 |     5 |    23 |     9 ||    68
       Potion            |       |       |       |     7 |     5 |       |     1 |     4 ||    17
 Stab: Sleeping          |     4 |     2 |    11 |     6 |     4 |     1 |       |     1 ||    29
       Distracted        |       |       |     1 |     8 |     5 |     4 |     1 |     1 ||    20
       Paralysed         |       |       |       |       |       |     3 |       |       ||     3
  Eat: Chunk             |    16 |     5 |    13 |    18 |    40 |    35 |    40 |    23 ||   190
       Royal jelly       |       |       |       |       |       |     5 |     6 |     7 ||    18
Armor: Robe              |    24 |    39 |    35 |    39 |    39 |    37 |    24 |    34 ||   271
Dodge: Dodged            |    60 |   151 |   199 |   292 |   389 |   462 |   237 |   138 ||  1928
Block: Buckler           |       |       |    44 |   111 |   112 |    32 |   109 |    92 ||   500
       Shield            |       |       |       |       |       |   251 |       |       ||   251
